Unix NetHack Version 5.0.0-0 post-release - last build Jun 10 2026 00:39:30 (3ee93aec679c4c4259841fe613dc97188e26a321,branch:main).

Game began 2026-06-16 18:54:01, ended 2026-06-16 21:44:17.

Ch3Begorrah, chaotic male human Rogue

                                                                  -----
                                                                  |.<..#
                                                                 #....|#
                                                                  |...|##
                                                                  ----- #
                                                                        #
                                                                        #
                                                                        #
                                                                        #
                                                                        #
           -----                                                     ########
           |....                                                        #---.-
           |...|                                                        #....|
        ----...|                                                         |...|
        |......|                                                         |...|
        |......|                                                         |...|
        )))..Y@|                                                         |...|
        --------                                                         --.--
                                                                           #
Ch3Begorrah the Rogue   St:15 Dx:18 Co:16 In:10 Wi:12 Ch:7  Chaotic
Dlvl:9  $:76 HP:0(44) Pw:30(30) AC:4  Xp:6 T:4239 

Latest messages:
 You hear a nearby zap.
 In what direction? j
 You kill the floating eye!
 g - 5 +1 daggers (at the ready) (13 in total).
 You see here an uncursed sack containing 9 items.
 In what direction? j
 The dagger hits the leather golem.
 In what direction? j
 The dagger hits the leather golem.
 The Green-elf picks up 2 +1 daggers.
 You hit the leather golem!
 The leather golem hits!
 The leather golem hits again!
 The Green-elf throws a dagger!
 The dagger hits the leather golem.
 You hit the leather golem!
 The Green-elf throws a dagger!
 The dagger hits the leather golem.
 You miss the leather golem.
 You hit the leather golem!
 You miss the leather golem.
 The leather golem hits!
 The leather golem hits again!
 You destroy the leather golem!
 The Green-elf picks up a leather cloak.
 What do you want to read? [anoryzAGZ or ?*] A
 As you read the scroll, it disappears.
 You materialize on a different level!
 In what direction? h
 The dagger hits the owlbear.
 In what direction? h
 The dagger hits the owlbear.
 In what direction? h
 You throw 2 daggers.
 The 1st dagger hits the owlbear.
 The 2nd dagger hits the owlbear.
 What do you want to zap? [LN or ?*] ?
 In what direction? j
 The sleep ray bounces!
 The sleep ray hits you!
 The owlbear hits!
 The owlbear hits again!
 The owlbear grabs you, but cannot hold onto your slippery oilskin cloak!
 The owlbear hits!
 The owlbear hits again!
 The owlbear grabs you, but cannot hold onto your slippery oilskin cloak!
 The owlbear hits!
 The owlbear hits again!
 You die...
 Do you want your possessions identified? [ynq] (y) q

Inventory:
 Coins    ('$')
  $ - 76 gold pieces
 Weapons  (')')
  g - 7 +1 daggers (at the ready)
  U - a +0 elven dagger
  d - a cursed +0 elven dagger
  I - a +1 two-handed sword (weapon in hands)
 Armor    ('[')
  h - a cursed +0 helm of caution (being worn)
  k - an uncursed +0 pair of jumping boots (being worn)
  O - an uncursed +0 oilskin cloak (being worn)
  c - an uncursed +1 leather armor (being worn)
 Comestibles  ('%')
  u - 2 uncursed cram rations
  D - an uncursed partly eaten cram ration
  J - 2 uncursed food rations
  b - an uncursed lizard corpse
 Scrolls  ('?')
  y - a blessed scroll of blank paper
  z - a cursed scroll of blank paper
  n - an uncursed scroll of confuse monster
  G - an uncursed scroll of destroy armor named ok
  a - a blessed scroll of enchant armor
  o - a cursed scroll of light
  r - a blessed scroll of punishment
  Z - a cursed scroll of remove curse
 Wands    ('/')
  L - a wand of create monster (0:14)
  N - a wand of sleep (0:5)
 Tools    ('(')
  e - an uncursed lock pick
  Y - an uncursed magic whistle
  B - an uncursed oil lamp (lit)
  j - an uncursed towel named ok
 Gems/Stones  ('*')
  V - an uncursed worthless piece of black glass
  s - an uncursed worthless piece of blue glass
  v - an uncursed worthless piece of violet glass

Ch3Begorrah the Rogue's attributes:

Background:
 You were a Rogue, level 6 male human.
 You were chaotic, nominally on a mission for Kos
 who was opposed by Issek (lawful) and Mog (neutral).
 You were right-handed.
 You were in the Dungeons of Doom, on level 9.
 You entered the dungeon 4239 turns ago.
 There was a new moon in effect when your adventure ended.
 You had 633 experience points, 7 more were needed to attain level 7.

Basics:
 You had 0 out of 44 hit points.
 You had all 30 energy points (spell power).
 Your armor class was 4.
 Your wallet contained 76 zorkmids.
 Autopickup was on for '$!/(' plus thrown, with exceptions.

Final Characteristics:
 Your strength was 15 (limit:18/100).
 Your dexterity was 18 (limit:18).
 Your constitution was 16 (limit:18).
 Your intelligence was 10 (limit:18).
 Your wisdom was 12 (limit:18).
 Your charisma was 7 (limit:18).

Final Status:
 You weren't hungry.
 You were unencumbered.
 You were wielding a two-handed sword.
 You had basic skill with two-handed sword.

Final Attributes:
 You were piously aligned.
 You were warned.
 You were stealthy.
 You could jump.
 You were guarded.
 You are dead.

Miscellaneous:
 You didn't encounter any bones levels.
 Total elapsed playing time was 53 minutes and 19 seconds.

Major events:
 Turn
    1: Ch3Begorrah the chaotic male human Rogue entered the dungeon
  744: entered the Gnomish Mines
 1030: attained the rank of Cutpurse (level 3)
 3605: attained the rank of Rogue (level 6)
 4169: entered Sokoban
 4239: killed by an owlbear, while sleeping

You didn't know any spells.

Skills:
 Fighting Skills
   bare handed combat [Unskilled]
   two weapon combat  [Unskilled]
   riding             [Unskilled]
 Weapon Skills
   dagger             [Basic]
   knife              [Unskilled]
   short sword        [Basic]
   broadsword         [Unskilled]
   long sword         [Unskilled]
   two-handed sword   [Basic]
   saber              [Unskilled]
   club               [Unskilled]
   mace               [Unskilled]
   morning star       [Unskilled]
   flail              [Unskilled]
   hammer             [Unskilled]
   polearms           [Unskilled]
   spear              [Unskilled]
   crossbow           [Unskilled]
   dart               [Unskilled]
   shuriken           [Unskilled]
 Spellcasting Skills
   divination spells  [Unskilled]
   escape spells      [Unskilled]
   matter spells      [Unskilled]

Voluntary challenges:
 Character rerolling was not enabled.
 You followed a strict vegan diet.
 You were an atheist.
 You never genocided any monsters.
 You never polymorphed an object.
 You never changed form.
 You used no wishes.
 You did not violate any of the special Sokoban rules.
Achievements:
 You entered the Gnomish Mines.
 You attained the rank of Cutpurse.
 You entered a shop.
 You attained the rank of Rogue.
 You entered Sokoban.

 The Dungeons of Doom: levels 1 to 9
    Level 1:
    Level 2:
       Stairs down to The Gnomish Mines.
    Level 3:
       A general store.
    Level 4:
    Level 5:
       A fountain.
    Level 6: "2sb chest"
    Level 7:
       Many fountains.
       Oracle of Delphi.
    Level 8:
       Some fountains, a grave.
       Stairs up to Sokoban, level 7.
    Level 9: <- You were here.
       Final resting place for
          you, killed by an owlbear, while sleeping.
 The Gnomish Mines:
    Level 3:
 Sokoban:
    Level 7:
       Unsolved.


Vanquished creatures:
  a leather golem
 an owlbear
  a lizard
  2 blue jellies
  3 human zombies
  a wood nymph
 an orc shaman
  a yellow light
  a gnome leader
 an elf zombie
  a paper golem
  3 giant ants
  a little dog
  3 floating eyes
  2 kittens
  a dwarf
  a kobold leader
  5 rothes
  a rabid rat
  a giant bat
  2 orc zombies
  3 dwarf zombies
  2 iguanas
 an acid blob
  a gas spore
  2 hobbits
  a manes
  a giant rat
  a brown mold
  a red mold
  4 geckos
  9 jackals
  a fox
  a kobold
  5 goblins
  6 sewer rats
  a grid bug
  4 bats
  5 lichens
  a kobold zombie
  4 newts
88 creatures vanquished.

No species were genocided or became extinct.

Game over:
                       ----------
                      /          \
                     /    REST    \
                    /      IN      \
                   /     PEACE      \
                  /                  \
                  |   Ch3Begorrah    |
                  |      76 Au       |
                  |   killed by an   |
                  |     owlbear      |
                  |                  |
                  |                  |
                  |       2026       |
                 *|     *  *  *      | *
        _________)/\\_//(\/(/\)/\//\/|_)_______

Goodbye Ch3Begorrah the Rogue...

You died in The Dungeons of Doom on dungeon level 9 with 3051 points,
and 76 pieces of gold, after 4239 moves.
You were level 6 with a maximum of 44 hit points when you died.

